AoeStats
← rizlinjinson

Oasis

510035459Analyzed
4v4 RM · 3d ago on Sep 29, 2026· 10m 26s· 8 players
Game mode
Random Map
Map size
Large (8 player)
Population
200
Speed
Normal
Resources
Standard
Victory
Conquest
Starting age
Dark Age
Ending age
Imperial Age
RankedLock teamsTeams togetherTeam positionsShared explorationLock speedFull tech treeHidden civsTurbo modeCheats
Victory
Defeat
🇲🇽 Persians · Mexico
1339
+9
🇨🇳 Magyars · China
1245
+12
🇧🇴 Ethiopians · Bolivia
1194
+14
🇲🇽 Varangians · Mexico
1136
+37
🇺🇸 Teutons · United States
1216
-15
🇺🇸 Ethiopians · United States
1165
-13
🇺🇸 Persians · United States
1157
-13
🇺🇸 Gurjaras · United States
1108
-11
DSLG | LA CACA
8:59 Feudal Age
8:40 Loom
EXILS_ANDRENUS
8:33 Loom
10:39 Feudal Age
DSLG | GORDA CACHONDA
12:21 Feudal Age
DSLG | CHAMOY
6:52 Loom
Stupid Bob
8:18 Loom
10:37 Feudal Age
freddie
10:45 Feudal Age
LaserLobbes
10:39 Feudal Age
rizlinjinson
5:50 Loom
10:25 Feudal Age
Connection lost

Rejoining the realm…

Still unreachable

The connection could not be restored.

Session expired

The server has moved on; the page needs a fresh start.